 Dungeon Crawl Stone Soup version 0.26-a0-850-g97a50ab700 (webtiles) character file.

Game seed: 1862543492132952531

9660 robertstho the Frost Mage (level 11, -2/82 HPs)
             Began as a Gnoll Ice Elementalist on Nov 20, 2020.
             Was an Elder of Sif Muna.
             Killed from afar by an ice statue (7 damage)
             ... with a bolt of cold
             ... in an ice cave.
             The game lasted 00:25:12 (11076 turns).

robertstho the Frost Mage (Gnoll Ice Elementalist) Turns: 11076, Time: 00:25:13

Health: -2/82      AC: 10    Str: 10    XL:     11   Next: 50%
Magic:  6/23       EV: 21    Int: 23    God:    Sif Muna [****..]
Gold:   49         SH:  0    Dex: 18    Spells: 5/26 levels left

rFire    . . .     SeeInvis .   d - +1 quarterstaff of Fury {holy, *Contam rElec rC+ Dex+2}
rCold    + + +     Faith    .   (shield currently unavailable)
rNeg     . . .     Spirit   .   w - +0 troll leather armour
rPois    +         Reflect  .   (helmet restricted)
rElec    +         Harm     .   v - +0 cloak
rCorr    +         Rampage  .   r - +0 pair of gloves
MR       .....                  m - +0 pair of boots
Stlth    ++++......             g - amulet of regeneration
HPRegen  1.03/turn              f - ring of ice
MPRegen  0.18/turn              A - +4 ring of evasion

@: mighty, brilliant, resistant, flying
A: distributed training, fangs 1, horns 1, molten scales 1, clever 1, poison
resistance, evolution 1, strong nose
a: Channel Magic, Forget Spell, Divine Exegesis, Renounce Religion


You were in an ice cave.
You worshipped Sif Muna.
Sif Muna was greatly pleased with you.
You visited 2 branches of the dungeon, and saw 12 of its levels.
You also visited: Ice Cave.

You collected 622 gold pieces.
You spent 573 gold pieces at shops.

Inventory:

Hand Weapons
 a - a +0 hand axe of electrocution
 d - the +1 quarterstaff of Fury (weapon) {holy, *Contam rElec rC+ Dex+2}
   (You bought it in a shop on level 10 of the Dungeon)

   It has been blessed by the Shining One to cause great damage to the undead
   and demons.
   It affects your dexterity (+2).
   It protects you from cold.
   It insulates you from electricity.
   It causes magical contamination when unequipped.
 n - a +6 mace of protection
 E - a +1 long sword of holy wrath
Missiles
 G - 33 poisoned darts (quivered)
Armour
 m - a +0 pair of boots (worn)
 r - a +0 pair of gloves (worn)
 v - a +0 cloak (worn)
 w - a +0 troll leather armour (worn)
 I - +0 steam dragon scales
Jewellery
 f - a ring of ice (left hand)
 g - an amulet of regeneration (around neck)
 A - a +4 ring of evasion (right hand)
Wands
 p - a wand of paralysis (30)
 u - a wand of acid (7)
 y - a wand of iceblast (19)
 H - a wand of digging (13)
Scrolls
 c - a scroll of immolation
 h - 5 scrolls of remove curse
 j - 9 scrolls of teleportation
 o - 2 scrolls of random uselessness {unknown}
 s - 4 scrolls of blinking
 t - 3 scrolls of fear
 z - 3 scrolls of enchant armour {unknown}
 B - 3 scrolls of fog
 J - a scroll of holy word {unknown}
Potions
 k - a potion of magic
 l - a potion of haste
 x - 2 potions of might
Miscellaneous
 C - a box of beasts


   Skills:
 + Level 6.3 Fighting
 + Level 6.3 Short Blades
 + Level 6.3 Long Blades
 + Level 6.3 Axes
 + Level 6.3 Maces & Flails
 + Level 6.3 Polearms
 + Level 6.3 Staves
 + Level 6.3 Slings
 + Level 6.3 Bows
 + Level 6.3 Crossbows
 + Level 6.3 Throwing
 + Level 6.3 Armour
 + Level 7.9 Dodging
 + Level 7.7 Stealth
 + Level 6.3 Shields
 + Level 6.3 Unarmed Combat
 + Level 8.2 Spellcasting
 + Level 5.2 Conjurations
 + Level 5.2 Hexes
 + Level 5.2 Summonings
 + Level 5.2 Necromancy
 + Level 5.2 Translocations
 + Level 5.2 Transmutations
 + Level 5.2 Fire Magic
 + Level 9.0 Ice Magic
 + Level 5.2 Air Magic
 + Level 5.2 Earth Magic
 + Level 5.2 Poison Magic
 + Level 7.0 Invocations
 + Level 6.3 Evocations


You had 5 spell levels left.
You knew the following spells:

 Your Spells              Type           Power        Failure   Level
a - Freeze                Ice            ####         1%          1
b - Frozen Ramparts       Ice            ######       1%          3
c - Ozocubu's Armour      Ice            #######.     1%          3
d - Hailstorm             Conj/Ice       #######.     4%          4
e - Summon Ice Beast      Ice/Summ       #######.     4%          4
f - Ice Form              Ice/Tmut       #######.     4%          4
g - Blink                 Tloc           N/A          1%          2

Your spell library contained the following spells:

 Spells                   Type           Power        Failure   Level
 Beastly Appendage        Tmut           ######       1%          1
 Magic Dart               Conj           ####         1%          1
 Call Imp                 Summ           ######..     1%          2
 Slow                     Hex            ######..     1%          2
 Wereblood                Tmut           ######..     1%          2
 Conjure Flame            Conj/Fire      ######..     3%          3
 Mephitic Cloud           Conj/Pois/Air  ######..     3%          3
 Spider Form              Tmut/Pois      ######....   3%          3
 Blade Hands              Tmut           ######....   28%         5


Dungeon Overview and Level Annotations

Branches:
Dungeon (11/15)            Temple (1/1) D:5            Lair (0/6) D:10
  IceCv (1/1)
    Orc: D:9-12

Altars:
Cheibriados
Fedhas
Hepliaklqana
Makhleb
Okawaru
Qazlal
Ru
Sif Muna
Trog
Xom
Zin
The Shining One

Shops:
D:7 ?   D:8 }   D:10 *(}(=

Portals:
Abyss: D:5

Annotations:
D:2 Natasha
D:5 2 transporters, pablito's ghost, novice NaWr
D:7 scroll shop IceCv exclusion: 2 ice statues


Innate Abilities, Weirdness & Mutations

Your experience applies equally to all skills.
You have very sharp teeth.
Your uncanny sense of smell can sniff out nearby items.
You have a pair of small horns on your head.
You are partially covered in molten scales. (AC +2)
Your mind is acute. (Int +2)
Your system is resistant to poisons. (rPois)
You evolve.


Message History

Your ice beast completely resists.
The ice beast hits you but does no damage.
The ice statue gestures at you. The bolt of cold misses you.
The bolt of cold hits the ice beast.
The ice beast completely resists.
Your ice beast hits the ice beast but does no damage.
The ice beast hits your ice beast but does no damage. x2
The ice beast hits your ice beast. The ice beast freezes your ice beast.
Your ice beast completely resists.
Your ice beast hits the ice beast but does no damage.
The ice beast misses you.
You hit the ice statue.
You headbutt the ice statue, but do no damage.
The ice statue is almost destroyed.
The ice beast hits your ice beast. The ice beast freezes your ice beast.
Your ice beast completely resists.
The ice beast barely misses you. The ice statue gestures at you.
The bolt of cold hits you! You resist.
You die...

#§....## #### 8......#
##..###### ##......#
#....##..## ###.......#
..........###.........##
.∩.∩.......#....YY.....#
.......##....##YYY°....#
#....#####..####YY.....#
##..## #### #8@Y....##
#### ####.#.## ## #


You could see 2 ice statues, 6 ice beasts and 2 friendly ice beasts.

Vanquished Creatures
  A cyclops (D:10)
  Maggie (D:8)
  2 trolls
  Sigmund (D:6)
  11 yaks (D:10)
  Grum (D:8)
  3 orc warriors
  4 ogres
  2 sky beasts
  2 black bears
  10 ice beasts
  A phantom (D:7)
  3 wolves (D:8)
  3 centaurs
  3 big kobolds
  5 bullfrogs
  A wyvern skeleton (D:6)
  4 scorpions
  6 killer bees (D:9)
  4 wights (D:10)
  A howler monkey (D:2)
  A nameless horror (D:11)
  3 bullfrog zombies
  A centaur zombie (D:9)
  3 hounds
  A quasit (D:8)
  A bullfrog skeleton (D:6)
  12 orc wizards
  2 centaur skeletons
  6 orc priests
  5 iguanas
  13 worker ants
  A hound zombie (D:8)
  2 howler monkey zombies
  A worker ant zombie (D:7)
  Robin (D:3)
  A howler monkey skeleton (D:8)
  7 gnolls
  13 adders
  4 white imps
  4 ufetubi
  2 oozes
  An adder skeleton (D:5)
  2 adder zombies
  3 worms
  2 dart slugs (D:2)
  6 leopard geckos
  40 orcs
  A ball python (D:1)
  6 bats
  6 giant cockroaches
  15 goblins
  9 hobgoblins
  6 jackals
  19 kobolds
  3 quokkas
  A ball python skeleton (D:4)
  5 frilled lizards
  A jackal zombie (D:7)
  A leopard gecko skeleton (D:4)
  A quokka zombie (D:9)
  6 rats
287 creatures vanquished.

Vanquished Creatures (collateral kills)
  Harold (D:8)
  Maurice (D:11)
  A vampire (D:11)
  A wraith (D:10)
  An ice beast (D:11)
  An ogre (D:11)
  2 phantoms
  A wyvern zombie (D:11)
  A wight (D:10)
  A bullfrog skeleton (D:4)
  A worker ant (D:6)
  6 white imps
  3 ufetubi (IceCv)
  A worm (D:6)
  2 orcs (D:11)
24 creatures vanquished.

Vanquished Creatures (others)
  3 white imps (IceCv)
  An ufetubus (IceCv)
  3 plants (D:5)
7 creatures vanquished.

Grand Total: 318 creatures vanquished

Notes
Turn   | Place    | Note
-------+----------+-------------------------------------------
     0 | D:1      | robertstho the Gnoll Ice Elementalist began the quest for
                  | the Orb.
     0 | D:1      | Reached XP level 1. HP: 13/13 MP: 6/6
   196 | D:1      | Reached XP level 2. HP: 15/19 MP: 5/7
  1229 | D:2      | Found a snail-covered altar of Cheibriados.
  1234 | D:2      | Reached XP level 3. HP: 25/25 MP: 7/9
  1259 | D:2      | Noticed Natasha
  1264 | D:2      | Reached skill level 1 in Fighting
  1264 | D:2      | Reached skill level 1 in Short Blades
  1264 | D:2      | Reached skill level 1 in Long Blades
  1264 | D:2      | Reached skill level 1 in Axes
  1264 | D:2      | Reached skill level 1 in Maces & Flails
  1264 | D:2      | Reached skill level 1 in Polearms
  1264 | D:2      | Reached skill level 1 in Staves
  1264 | D:2      | Reached skill level 1 in Slings
  1264 | D:2      | Reached skill level 1 in Bows
  1264 | D:2      | Reached skill level 1 in Crossbows
  1264 | D:2      | Reached skill level 1 in Throwing
  1264 | D:2      | Reached skill level 1 in Armour
  1264 | D:2      | Reached skill level 1 in Shields
  1264 | D:2      | Reached skill level 1 in Unarmed Combat
  1264 | D:2      | Reached skill level 5 in Spellcasting
  1264 | D:2      | Reached skill level 1 in Invocations
  1264 | D:2      | Reached skill level 1 in Evocations
  1264 | D:2      | Reached XP level 4. HP: 5/32 MP: 6/11
  1270 | D:1      | Learned a level 3 spell: Frozen Ramparts
  1274 | D:1      | Learned a level 3 spell: Ozocubu's Armour
  1279 | D:1      | Learned a level 4 spell: Hailstorm
  1665 | D:2      | Found a bloodstained altar of Trog.
  1803 | D:2      | Reached skill level 1 in Conjurations
  1803 | D:2      | Reached skill level 1 in Hexes
  1803 | D:2      | Reached skill level 1 in Summonings
  1803 | D:2      | Reached skill level 1 in Necromancy
  1803 | D:2      | Reached skill level 1 in Translocations
  1803 | D:2      | Reached skill level 1 in Transmutations
  1803 | D:2      | Reached skill level 1 in Fire Magic
  1803 | D:2      | Reached skill level 1 in Air Magic
  1803 | D:2      | Reached skill level 1 in Earth Magic
  1803 | D:2      | Reached skill level 1 in Poison Magic
  2119 | D:2      | Reached XP level 5. HP: 37/37 MP: 6/12
  2606 | D:3      | Noticed Robin
  2614 | D:3      | Killed Robin
  2714 | D:3      | Found an iron altar of Okawaru.
  2726 | D:3      | Reached XP level 6. HP: 43/44 MP: 10/13
  2849 | D:3      | You fall into a shaft and drop 3 floors!
  2886 | D:6      | Learned a level 4 spell: Summon Ice Beast
  2927 | D:6      | Reached skill level 5 in Dodging
  3073 | D:6      | Noticed an ice beast
  3129 | D:6      | Killed an ice beast
  3130 | D:6      | Reached XP level 7. HP: 41/50 MP: 8/15
  3193 | D:6      | Noticed Sigmund
  3347 | D:6      | Killed Sigmund
  3535 | D:6      | Reached skill level 5 in Stealth
  3569 | D:6      | Reached XP level 8. HP: 32/57 MP: 5/16
  3577 | D:6      | Gained mutation: Scrolls take you a little longer to read.
                  | [potion of mutation]
  3577 | D:6      | Gained mutation: You are frail. (-10% HP) [potion of
                  | mutation]
  3577 | D:6      | Gained mutation: You are agile. (Dex +2) [potion of
                  | mutation]
  4246 | D:5      | Entered Level 5 of the Dungeon
  4367 | D:5      | Found a transporter.
  4369 | D:5      | Found a transporter.
  4379 | D:5      | Found a one-way gate to the infinite horrors of the Abyss.
  4379 | D:5      | Noticed pablito's ghost (novice NaWr)
  4383 | D:5      | Noticed an ancient zyme
  4418 | D:5      | Found a stormy altar of Qazlal.
  4430 | D:5      | Noticed a troll
  4448 | D:5      | Killed a troll
  4601 | D:5      | Reached XP level 9. HP: 58/58 MP: 10/18
  4856 | D:5      | Found a staircase to the Ecumenical Temple.
  5065 | Temple   | Entered the Ecumenical Temple
  5078 | Temple   | Became a worshipper of Sif Muna the Loreminder
  5281 | D:5      | Found a burning altar of Makhleb.
  5584 | D:4      | Found a blossoming altar of Fedhas.
  5943 | D:4      | Found a glowing golden altar of the Shining One.
  6089 | D:4      | Found a burning altar of Makhleb.
  6575 | D:7      | Found Yryoh's Magic Scroll Emporium.
  6578 | D:7      | Bought a scroll of blinking for 82 gold pieces
  6578 | D:7      | Bought a scroll of vulnerability for 82 gold pieces
  6578 | D:7      | Bought a scroll of remove curse for 33 gold pieces
  6578 | D:7      | Bought a scroll of identify for 22 gold pieces
  6578 | D:7      | Bought a scroll of fog for 22 gold pieces
  6629 | D:7      | Lost mutation: You are frail. (-10% HP) [potion of
                  | mutation]
  6629 | D:7      | Lost mutation: Scrolls take you a little longer to read.
                  | [potion of mutation]
  6629 | D:7      | Lost mutation: You are agile. (Dex +2) [potion of mutation]
  6629 | D:7      | Gained mutation: Scrolls take you a little longer to read.
                  | [potion of mutation]
  6629 | D:7      | Gained mutation: You are partially covered in molten
                  | scales. (AC +2) [potion of mutation]
  6629 | D:7      | Gained mutation: Your spells are a little easier to cast,
                  | but a little less powerful. [potion of mutation]
  6629 | D:7      | Gained mutation: You evolve. [potion of mutation]
  6659 | D:7      | Reached skill level 8 in Ice Magic
  6856 | D:7      | Reached * piety under Sif Muna
  7091 | D:7      | Gained mutation: You have a pair of small horns on your
                  | head. [evolution]
  7491 | D:8      | Noticed Grum
  7494 | D:8      | Reached skill level 5 in Invocations
  7503 | D:8      | Killed Grum
  7545 | D:8      | Reached XP level 10. HP: 73/73 MP: 16/20
  7583 | D:8      | Found Tuusao's Gadget Shop.
  7748 | D:8      | Noticed Harold
  7759 | D:8      | Reached ** piety under Sif Muna
  7764 | D:8      | Killed Harold
  7765 | D:8      | Reached skill level 5 in Fighting
  7765 | D:8      | Reached skill level 5 in Short Blades
  7765 | D:8      | Reached skill level 5 in Long Blades
  7765 | D:8      | Reached skill level 5 in Axes
  7765 | D:8      | Reached skill level 5 in Maces & Flails
  7765 | D:8      | Reached skill level 5 in Polearms
  7765 | D:8      | Reached skill level 5 in Staves
  7765 | D:8      | Reached skill level 5 in Slings
  7765 | D:8      | Reached skill level 5 in Bows
  7765 | D:8      | Reached skill level 5 in Crossbows
  7765 | D:8      | Reached skill level 5 in Throwing
  7765 | D:8      | Reached skill level 5 in Armour
  7765 | D:8      | Reached skill level 5 in Shields
  7765 | D:8      | Reached skill level 5 in Unarmed Combat
  7765 | D:8      | Reached skill level 5 in Evocations
  8001 | D:8      | Noticed Maggie
  8009 | D:8      | Killed Maggie
  8500 | D:8      | Learned a level 4 spell: Ice Form
  8503 | D:8      | Learned a level 2 spell: Blink
  9044 | D:9      | Lost mutation: Scrolls take you a little longer to read.
                  | [potion of mutation]
  9044 | D:9      | Lost mutation: Your spells are a little easier to cast, but
                  | a little less powerful. [potion of mutation]
  9044 | D:9      | Gained mutation: Your system is resistant to poisons.
                  | (rPois) [potion of mutation]
  9044 | D:9      | Gained mutation: Your mind is acute. (Int +2) [potion of
                  | mutation]
  9337 | D:9      | Found a hazy altar of Hepliaklqana.
  9594 | D:10     | Entered Level 10 of the Dungeon
  9640 | D:10     | Reached *** piety under Sif Muna
  9649 | D:10     | Reached XP level 11. HP: 57/81 MP: 20/22
  9694 | D:10     | Found Patreiga's Antique Weapon Emporium.
  9792 | D:10     | Bought a fine quarterstaff for 234 gold pieces
  9792 | D:10     | Identified the cursed +1 quarterstaff of Fury {holy,
                  | *Contam rElec rC+ Dex+2} (You bought it in a shop on level
                  | 10 of the Dungeon)
  9971 | D:10     | Found a staircase to the Lair.
 10048 | D:10     | Reached skill level 5 in Conjurations
 10048 | D:10     | Reached skill level 5 in Hexes
 10048 | D:10     | Reached skill level 5 in Summonings
 10048 | D:10     | Reached skill level 5 in Necromancy
 10048 | D:10     | Reached skill level 5 in Translocations
 10048 | D:10     | Reached skill level 5 in Transmutations
 10048 | D:10     | Reached skill level 5 in Fire Magic
 10048 | D:10     | Reached skill level 5 in Air Magic
 10048 | D:10     | Reached skill level 5 in Earth Magic
 10048 | D:10     | Reached skill level 5 in Poison Magic
 10149 | D:10     | Noticed a cyclops
 10150 | D:10     | Found Ceun's Jewellery Shoppe.
 10171 | D:10     | Killed a cyclops
 10464 | D:10     | Found Duef's Antique Weapon Shop.
 10567 | D:10     | Found Qaymesk's Gadget Shop.
 10676 | D:10     | Found Qiesheox's General Store.
 10679 | D:10     | Bought a scroll of amnesia for 49 gold pieces
 10679 | D:10     | Bought a scroll of fear for 49 gold pieces
 10740 | D:11     | Reached **** piety under Sif Muna
 10805 | D:11     | Noticed Maurice
 10819 | D:11     | Paralysed by Maurice for 3 turns
 10820 | D:11     | Killed Maurice
 10993 | D:11     | Reached skill level 9 in Ice Magic
 10996 | D:11     | Found a frozen archway.
 11005 | IceCv    | Entered an ice cave
 11074 | IceCv    | HP: 4/82 [ice beast[an ice statue] (4)]
 11076 | IceCv    | Killed from afar by an ice statue

Illustrated notes

Levels and vault maps discovered:
D:1:      dpeg_arrival_water_temple_mockup, layout_basic
D:2:      layout_basic, kennysheep_slug_shrine, old_standard_altar, uniq_natasha
D:3:      layout_rooms, okawaru_altar_gauntlet_db, uniq_robin
D:4:      layout_basic, old_standard_altar, overflow_temple_1_default,
          serial_undead, serial_undead_c, serial_undead_f, serial_undead_b,
          serial_undead_c, kennysheep_flooded_box
D:5:      layout_loops_corners, lemuel_doored_altar,
          minmay_temple_entry_gardened_gates, gammafunk_ghost_abyssal_escape,
          serial_glass, glass_columns_b, glass_columns_c, glass_columns_c,
          glass_columns_b, glass_columns_c, nicolae_qazlal_general_emergency
D:6:      minmay_general_purpose_star, layout_gridville, uniq_sigmund
D:7:      layout_loops_ring, serial_shops, nicolae_shop_behind_doors,
          kennysheep_generic_room_16
D:8:      layout_loops_ring, serial_shops, shop, uniq_maggie, uniq_harold,
          uniq_grum
D:9:      layout_gridville, marbit_many_paths, kennysheep_generic_room_7
D:10:     layout_roguey, lair_entry_dummy, serial_corexii_hall,
          corexii_hall_statues_deadend, corexii_hall_statues_i, serial_shops,
          shop, nicolae_shop_statue_plus, nicolae_shop_behind_doors,
          nicolae_shop_crystal, kennysheep_mini
D:11:     wander_kiku_kobolds, layout_cave_pools,
          portal_ice_cave_entry_ice_beasts, lightli_church_of_beogh,
          uniq_maurice, uniq_josephine
Temple:   eino_temple_scatter_basement
IceCv:    ice_cave_small_demon

Skill      XL: |  1  2  3  4  5  6  7  8  9 10 11 |
---------------+----------------------------------+-----
Fighting       | 1 2 3 4 5 6 |  6.3
Short Blades   | 1 2 3 4 5 6 |  6.3
Long Blades    | 1 2 3 4 5 6 |  6.3
Axes           | 1 2 3 4 5 6 |  6.3
Maces & Flails | 1 2 3 4 5 6 |  6.3
Polearms       | 1 2 3 4 5 6 |  6.3
Staves         | 1 2 3 4 5 6 |  6.3
Slings         | 1 2 3 4 5 6 |  6.3
Bows           | 1 2 3 4 5 6 |  6.3
Crossbows      | 1 2 3 4 5 6 |  6.3
Throwing       | 1 2 3 4 5 6 |  6.3
Armour         | 1 2 3 4 5 6 |  6.3
Shields        | 1 2 3 4 5 6 |  6.3
Unarmed Combat | 1 2 3 4 5 6 |  6.3
Spellcasting   | 5 6 7 8 |  8.2
Invocations    | 1 2 3 4 5 6 7 |  7.0
Evocations     | 1 2 3 4 5 6 |  6.3
Conjurations   | 1 2 3 4 5 |  5.2
Hexes          | 1 2 3 4 5 |  5.2
Summonings     | 1 2 3 4 5 |  5.2
Necromancy     | 1 2 3 4 5 |  5.2
Translocations | 1 2 3 4 5 |  5.2
Transmutations | 1 2 3 4 5 |  5.2
Fire Magic     | 1 2 3 4 5 |  5.2
Air Magic      | 1 2 3 4 5 |  5.2
Earth Magic    | 1 2 3 4 5 |  5.2
Poison Magic   | 1 2 3 4 5 |  5.2
Dodging        | 5 6 7 |  7.9
Stealth        | 5 6 7 |  7.7
Ice Magic      | 8 9 |  9.0

Action                   |  1- 3 |  4- 6 |  7- 9 | 10-12 || total
-------------------------+-------+-------+-------+-------++-------
Melee: Dagger            |    38 |    15 |       |       ||    53
       Unarmed           |     3 |       |       |       ||     3
       Mace              |       |    16 |   111 |    64 ||   191
       Bite              |       |     4 |    16 |    33 ||    53
       Headbutt          |       |       |     3 |    46 ||    49
       Punch             |       |       |     2 |     1 ||     3
       Quarterstaff      |       |       |       |   132 ||   132
 Cast: Freeze            |    15 |     5 |     8 |     9 ||    37
       Frozen Ramparts   |       |    30 |    41 |    34 ||   105
       Summon Ice Beast  |       |     4 |     9 |    23 ||    36
       Hailstorm         |       |       |     4 |    12 ||    16
Invok: Channel Magic     |       |       |       |     1 ||     1
  Use: Potion            |       |       |     3 |     7 ||    10
       Scroll            |       |       |     7 |     5 ||    12
 Stab: Sleeping          |     4 |       |     8 |     4 ||    16
       Distracted        |       |       |     1 |     4 ||     5
Armor: Robe              |    14 |     4 |     7 |       ||    25
       Troll leather arm |       |       |    26 |    62 ||    88
Dodge: Dodged            |    43 |    42 |   111 |   201 ||   397

Table legend: (Time is in decaauts)
 A = Elapsed time spent in this place.
 B = Non-inter-level travel time spent in this place.
 C = Inter-level travel time spent in this place.
 D = Time resting spent in this place.
 E = Time spent auto-exploring this place.
 F = Levels seen in this place.
 G = Mean time per level.
                   A        B        C        D        E       F      G
               +--------+--------+--------+--------+--------+-----+--------+
         Total |  11109 |  10578 |    531 |    331 |   8056 |  13 |  854.5 |
       Dungeon |  11012 |  10494 |    518 |    331 |   8051 |  11 | 1001.1 |
        Temple |     26 |     13 |     13 |      0 |      5 |   1 |   26.0 |
      Ice Cave |     70 |     70 |      0 |      0 |      0 |   1 |   70.0 |
               +--------+--------+--------+--------+--------+-----+--------+

Top non-repeatable levels by time:
     D:1: 1486 daAuts
     D:6: 1402 daAuts
     D:5: 1198 daAuts
    D:10: 1120 daAuts
     D:9: 1077 daAuts
     D:4: 1067 daAuts
     D:8: 1035 daAuts
     D:7: 953 daAuts
     D:2: 762 daAuts
     D:3: 609 daAuts
    D:11: 298 daAuts
   IceCv: 70 daAuts
  Temple: 26 daAuts
